 Dungeon Crawl Stone Soup version 0.20.1-1-g8b1a95d (webtiles) character file.

35 OneorTwo the Chiller (level 3, -1/24 HPs)
             Began as a Merfolk Ice Elementalist on Aug 8, 2017.
             Slain by Sigmund
             ... wielding a +0 scythe
              (5 damage)
             ... on level 2 of the Dungeon.
             The game lasted 00:08:15 (1792 turns).

OneorTwo the Chiller (Merfolk Ice Elementalist)     Turns: 1792, Time: 00:08:15

Health: -1/24      AC:  7    Str:  8    XL:     3   Next: 35%
Magic:  2/6        EV: 17    Int: 14    God:
Gold:   44         SH:  4    Dex: 17    Spells: 2/6 levels left

rFire    . . .     SeeInvis .   d - +0 spear
rCold    . . .     Gourm    .   h - +0 buckler
rNeg     . . .     Faith    .   a - +0 robe
rPois    .         Spirit   .   (no helmet)
rElec    .         Reflect  .   (no cloak)
rCorr    .         Harm     .   (no gloves)
MR       +....                  (no boots)
Stlth    +++.......             (no amulet)
Regen    0.1/turn               j - -3 ring of dexterity (curse)
MPRegen  0.1/turn               m - ring of protection from magic

@: agile, icy armour, very slightly contaminated, slow
A: change form in water, swift swim, stealthy swim
a: no special abilities


You were on level 2 of the Dungeon.
You were very hungry.

You visited 1 branch of the dungeon, and saw 2 of its levels.

You collected 44 gold pieces.

Inventory:

Hand Weapons
 d - a +0 spear (weapon)
Missiles
 f - 56 stones (quivered)
Armour
 a - a +0 robe (worn)
 h - a +0 buckler (worn)
Jewellery
 j - a cursed -3 ring of dexterity (left hand)
 m - a ring of protection from magic (right hand)
Potions
 e - a potion of curing {unknown}
 i - a potion of lignification {unknown}
Books
 b - a book of Frost

   Spells                             Type                      Level
   a - Freeze                         Ice                          1
   b - Throw Frost                    Conjuration/Ice              2
   c - Ozocubu's Armour               Charms/Ice                   3
   d - Throw Icicle                   Conjuration/Ice              4
   e - Summon Ice Beast               Ice/Summoning                4
Comestibles
 c - 2 bread rations
 g - a meat ration


   Skills:
 * Level 3.3 Polearms
 - Level 2.6 Dodging
 - Level 2.1 Stealth
 - Level 2.0 Spellcasting
   Level 0.7 Conjurations
 + Level 3.8 Ice Magic


You had 2 spell levels left.
You knew the following spells:

 Your Spells              Type           Power        Failure   Level  Hunger
a - Freeze                Ice            ##..         9%          1    ##.....
b - Ozocubu's Armour      Chrm/Ice       #.......     47%         3    ####...


Dungeon Overview and Level Annotations

Branches:
Dungeon (2/15)

Altars:

Annotations:
D:2 Sigmund


Message History

Confirm with . or Enter, or press ? or * to list all spells.
You can't see any susceptible monsters within range! (Use Z to cast anyway.)
Casting: Freeze
Confirm with . or Enter, or press ? or * to list all spells.
You don't know that spell.
You hit something. Something hits you.
You hit something. Something hits you!
* * * LOW HITPOINT WARNING * * *
You hit something. Something hits you.
* * * LOW HITPOINT WARNING * * *
You hit something. You hit something. Something hits you but does no damage.
You barely miss something. You barely miss something.
Something closely misses you.
You hit something but do no damage.
You hear some strange, mumbled words.
A magic dart appears from out of thin air!
The magic dart hits you!
You barely miss something. Something hits you.
You die...

+(...+ #....# ##
#....# ..#
#....###### #.####
#..?%.....#...#..
+....)....>...#.###.#
####.##......#.....
#.##@######..#
#.##.#<.@{...#
..##)#######.#
..##......@..#
...############ ...
...!@....# .....!..#
.......#


There were no monsters in sight!

Vanquished Creatures
  An ooze (D:1)
  A worm (D:2)
  2 giant cockroaches (D:1)
  A goblin (D:1)
  5 hobgoblins
  7 jackals (D:1)
  A bat (D:1)
  A frilled lizard (D:2)
  2 kobolds (D:1)
  4 rats
25 creatures vanquished.

Notes
Turn   | Place    | Note
-------+----------+-------------------------------------------
     0 | D:1      | OneorTwo the Merfolk Ice Elementalist began the quest for the Orb.
     0 | D:1      | Reached XP level 1. HP: 13/13 MP: 3/3
   262 | D:1      | Reached skill level 1 in Polearms
   436 | D:1      | Reached XP level 2. HP: 19/19 MP: 5/5
   759 | D:1      | Reached XP level 3. HP: 22/24 MP: 3/6
  1048 | D:2      | Noticed Sigmund
  1755 | D:1      | Learned a level 3 spell: Ozocubu's Armour
  1792 | D:2      | Slain by Sigmund

Skill      XL: |  1  2  3 |
---------------+----------+-----
Polearms       | 1 2 3 |  3.3
Dodging        | |  2.6
Stealth        | |  2.1
Spellcasting   | |  2.0
Conjurations   | |  0.7
Ice Magic      | |  3.8

Action                   || total
-------------------------++-------
Melee: Spear             ||   137
Throw: Stone             ||     6
 Cast: Freeze            ||    18
       Ozocubu's Armour  ||     1
  Use: Scroll            ||     4
       Potion            ||     1
 Stab: Distracted        ||     1
       Sleeping          ||     1
  Eat: Chunk             ||     2
Armor: Robe              ||    18
Dodge: Dodged            ||    84
Block: Buckler           ||     6
